 Dungeon Crawl Stone Soup version 0.21-a0-528-gf531e82 (webtiles) character file.

72 slep the Chopper (level 4, -4/23 HPs)
             Began as a Vine Stalker Gladiator on Dec 9, 2017.
             Slain by Crazy Yiuf
             ... wielding a +4 quarterstaff of chaos
              (7 damage)
             ... on level 2 of the Dungeon.
             The game lasted 00:03:57 (1652 turns).

slep the Chopper (Vine Stalker Gladiator)           Turns: 1652, Time: 00:03:58

Health: -4/23      AC:  0    Str: 17    XL:     4   Next: 26%
Magic:  0/5        EV: 15    Int:  8    God:
Gold:   78         SH:  0    Dex: 16    Spells: 3/3 levels left

rFire    . . .     SeeInvis .   (weapon currently unavailable)
rCold    . . .     Gourm    .   (shield currently unavailable)
rNeg     . . .     Faith    .   (armour currently unavailable)
rPois    .         Spirit   +   (helmet currently unavailable)
rElec    .         Reflect  .   (cloak currently unavailable)
rCorr    .         Harm     .   (gloves currently unavailable)
MR       .....                  (boots currently unavailable)
Stlth    ++........             (no amulet)
HPRegen  0.47/turn              (ring currently unavailable)
MPRegen  0.09/turn              (ring currently unavailable)

@: about to teleport, pig-form, drained, very quick
A: small, regeneration 1, magic shield, no potion heal 3, rot immunity
a: no special abilities


You were on level 2 of the Dungeon.
You were not hungry.
You were a filthy swine.
You visited 1 branch of the dungeon, and saw 2 of its levels.

You collected 78 gold pieces.

Inventory:

Hand Weapons
 a - a +0 war axe (melded)
Missiles
 d - 3 throwing nets (quivered)
Armour
 b - a +0 leather armour
 c - a +0 helmet (melded)
 t - a cursed +0 leather armour (melded)
Jewellery
 n - a ring of fire (melded)
Scrolls
 e - 2 scrolls of identify {unknown}
 k - 2 scrolls of fear {unknown}
 l - a scroll of noise {unknown}
 m - a scroll of remove curse {unknown}
 o - a scroll of random uselessness {unknown}
 p - a scroll of fog {unknown}
Potions
 g - a potion of haste {unknown}
 h - 3 potions of curing {unknown}
 j - a potion of cancellation {unknown}
 q - a potion of invisibility {unknown}
 r - a potion of heal wounds {unknown}
 s - a potion of ambrosia {unknown}
Comestibles
 f - a bread ration
 i - 2 royal jellies


   Skills:
 + Level 2.1(1.7) Fighting
 + Level 3.7(3.3) Axes
 + Level 1.8(1.4) Throwing
 + Level 0.5(0.2) Armour
 + Level 2.9(2.6) Dodging
 + Level 0.6(0.2) Stealth


You had 3 spell levels left.
You didn't know any spells.

Dungeon Overview and Level Annotations

Branches:
Dungeon (2/15)

Altars:

Annotations:
D:2 Crazy Yiuf


Innate Abilities, Weirdness & Mutations

((You have extremely sharp teeth.))
Your natural rate of healing is unusually fast.
When hurt, damage is shared between your health and your magic reserves.
((Your bite disrupts and absorbs the magic of your enemies.))
Potions cannot restore your health.
You are immune to rotting.


Message History

You hit Crazy Yiuf but do no damage.
Crazy Yiuf is heavily wounded.
You barely miss Crazy Yiuf.
Crazy Yiuf is heavily wounded.
Crazy Yiuf misses you.
You completely miss Crazy Yiuf.
Crazy Yiuf is heavily wounded.
Crazy Yiuf zaps a wand.
You barely miss Crazy Yiuf.
Crazy Yiuf is heavily wounded.
Crazy Yiuf laughs, "Powder forty-two sanguine!"
Crazy Yiuf hits you with a quarterstaff of chaos!
Ouch! That really hurt!
* * * LOW HITPOINT WARNING * * *
You feel drained.
* * * LOW HITPOINT WARNING * * *
You hit Crazy Yiuf but do no damage.
Crazy Yiuf is heavily wounded.
Crazy Yiuf hits you with a quarterstaff of chaos!
You die...

..............##............#
..............##.........#..#
..............##........##..#
######.###################..##
######'## #...# #.......###
#######.#.# #.....).'.# ####
###)#)....#.# #.......###
#)).##).#)P...)#.####
#.......###
#.)gh.####...........
#.......#.# #).)###
##P.....#### #.......#.# ####
####.#.# #.......#.# #.#.####
#########.# #.......
#.######### ### ###.....
#.........####'## #.##.#
#..........##...# #.##.#
#......###.##...# #.##.#


You could see Crazy Yiuf.

Vanquished Creatures
  2 adders (D:2)
  An ooze (D:2)
  4 dart slugs
  A leopard gecko (D:1)
  2 bats
  4 giant cockroaches
  6 goblins
  5 hobgoblins
  2 jackals (D:2)
  A ball python (D:1)
  A frilled lizard (D:2)
  5 kobolds (D:1)
  6 rats (D:1)
40 creatures vanquished.

Notes
Turn   | Place    | Note
-------+----------+-------------------------------------------
     0 | D:1      | slep the Vine Stalker Gladiator began the quest for the Orb.
     0 | D:1      | Reached XP level 1. HP: 11/11 MP: 2/2
   101 | D:1      | Reached skill level 3 in Axes
   101 | D:1      | Reached XP level 2. HP: 12/15 MP: 3/3
   493 | D:1      | Reached XP level 3. HP: 18/18 MP: 4/4
  1178 | D:2      | Gained mutation: Your natural rate of healing is unusually fast. [Vine Stalker growth]
  1178 | D:2      | Reached XP level 4. HP: 3/23 MP: 3/5
  1639 | D:2      | Found a runed door.
  1643 | D:2      | Noticed Crazy Yiuf
  1652 | D:2      | Slain by Crazy Yiuf

Vault maps used:
D:1:      onia_arrival_larder
D:2:      uniq_crazy_yiuf_cottage

Skill      XL: |  1  2 |
---------------+-------+-----
Axes           | 3 |  3.7
Fighting       | 2 |  2.1
Throwing       | |  1.8
Armour         | |  0.5
Dodging        | |  2.9
Stealth        | |  0.6

Action                   |  1- 3 |  4- 6 || total
-------------------------+-------+-------++-------
Melee: War axe           |    79 |    12 ||    91
       Bite              |    19 |     7 ||    26
       Unarmed           |       |     5 ||     5
 Stab: Sleeping          |     1 |       ||     1
  Eat: Chunk             |       |     2 ||     2
Armor: Leather armour    |    26 |       ||    26
Dodge: Dodged            |    66 |     8 ||    74

Table legend:
 A = Spawn XP
 B = Non-spawn XP
 C = Spawn XP percentage of total XP
 D = Spawn monster count
 E = Non-spawn monster count
 F = Spawn count percentage of total count
 G = Total turns spent on level
                    A         B        C        D         E        F      G
               +---------+---------+-------+---------+---------+-------+---------
         Total |       0 |     104 |   0.0 |       0 |      40 |   0.0 |  1652
               +---------+---------+-------+---------+---------+-------+---------
           D:1 |       0 |      42 |   0.0 |       0 |      23 |   0.0 |   973
           D:2 |       0 |      62 |   0.0 |       0 |      17 |   0.0 |   679
               +---------+---------+-------+---------+---------+-------+---------
